 Dungeon Crawl Stone Soup version 0.15.0-13-gb296d5c (webtiles) character file.

201774 RobertPalmer the Spry (level 18, 0/137 (140) HPs)
             Began as a Human Death Knight on Sept 1, 2014.
             Was the Champion of Yredelemnul.
             Slain by an orc knight
             ... wielding a +0 long sword
              (14 damage)
             ... while paralysed by an orc sorcerer
             ... on Level 1 of the Vaults on Sept 3, 2014.
             The game lasted 03:16:59 (43466 turns).

RobertPalmer the Spry (Human Death Knight)         Turns: 43466, Time: 03:16:59

HP   0/137 (140) AC 22     Str 17      XL: 18   Next: 70%
MP  30/33        EV  2     Int 16      God: Yredelemnul [******]
Gold 723         SH  0     Dex 23      Spells:  0 memorised, 17 levels left

rFire  + + .     SeeInvis .     a - +0 glaive
rCold  + + .     Clarity  .     A - +2 fire dragon armour
rNeg   . . .     rCorr    .     (no shield)
rPois  +         rRot     .     Y - +2 helmet
rElec  +         Spirit   .     f - +0 cloak of Starlight {rElec rC+ EV+4 Stlth-}
SustAb +         Warding  .     F - +1 pair of gloves of the Last Lies {rPois rC+ Dex+4}
rMut   +         Stasis   .     d - +0 pair of boots "Secamiawn" {Str+3 Int+3}
Gourm  .                        n - amulet of resist mutation
MR     +....                    V - ring "Bexa Chu" {SustAb +Inv rC+ Slay+1}
                                M - +3 ring of slaying

@: paralysed, somewhat resistant to hostile enchantments, extremely unstealthy
A: no striking features
a: Animate Dead, Recall Undead Slaves, Injury Mirror, Drain Life, Enslave Soul,
Renounce Religion, Evoke Invisibility
}: 2/15 runes: barnacled, gossamer


You were on level 1 of the Vaults.
You worshipped Yredelemnul.
Yredelemnul was exalted by your worship.
You were near starving.

You visited 6 branches of the dungeon, and saw 38 of its levels.

You collected 4147 gold pieces.
You spent 3424 gold pieces at shops.


   Skills:
 + Level 11.8 Fighting
 - Level 17.3 Polearms
 + Level 9.8 Armour
 - Level 17.9 Dodging
 - Level 13.0 Invocations


You had 17 spell levels left.
You didn't know any spells.

Inventory:

Hand weapons
 a - a +0 glaive (weapon)
 b - a +0 blowgun
Missiles
 I - 12 curare-tipped needles
 L - 8 throwing nets (quivered)
Armour
 d - the +0 pair of boots "Secamiawn" (worn) {Str+3 Int+3}
   (You bought it in a shop on level 4 of the Orcish Mines)

   It affects your strength (+3).
   It affects your intelligence (+3).
 f - the +0 cloak of Starlight (worn) {rElec rC+ EV+4 Stlth-}
   (You bought it in a shop on level 5 of the Shoals)

   It affects your evasion (+4).
   It protects you from cold.
   It insulates you from electricity.
   It makes you less stealthy.
 A - a +2 fire dragon armour (worn)
 F - the +1 pair of gloves of the Last Lies (worn) {rPois rC+ Dex+4}
   (You bought it in a shop on level 5 of the Shoals)

   It affects your dexterity (+4).
   It protects you from cold.
   It protects you from poison.
 Y - a +2 helmet (worn)
Magical devices
 v - a wand of digging (5)
 C - a wand of digging (6)
 N - a wand of invisibility (2)
Comestibles
 c - 19 bread rations
 u - 20 meat rations
 U - a beef jerky
Scrolls
 g - 4 scrolls of identify
 h - 7 scrolls of teleportation
 i - a scroll of fear
 k - 2 scrolls of fog
 m - a scroll of summoning
 q - 7 scrolls of remove curse
 y - 2 scrolls of enchant weapon
 O - 4 scrolls of recharging
 P - a scroll of amnesia
 S - 2 scrolls of immolation {!r}
 T - 5 scrolls of magic mapping
Jewellery
 e - an uncursed ring of regeneration
 n - an amulet of resist mutation (around neck)
 p - an uncursed ring of teleportation
 z - an uncursed ring of positive energy
 K - an uncursed ring of flight
 M - a +3 ring of slaying (left hand)
 V - the ring "Bexa Chu" (right hand) {SustAb +Inv rC+ Slay+1}
   (You found it on level 6 of the Lair of Beasts)

   [ring of sustain abilities]

   It sustains your strength, intelligence and dexterity.
   It affects your accuracy and damage with ranged weapons and melee attacks
   (+1).
   It protects you from cold.
   It lets you turn invisible.
Potions
 j - 3 potions of might
 l - 3 potions of curing
 o - 2 potions of heal wounds
 r - a potion of mutation {!q}
 t - 3 potions of cure mutation
 x - 2 potions of resistance
 B - a potion of restore abilities
 G - a potion of invisibility
 J - a potion of porridge
 W - 2 potions of berserk rage
 Z - 6 potions of haste
Miscellaneous
 w - a sack of spiders {used: 2}
 D - a phial of floods (inert)
 E - a phial of floods (inert)
 H - a lamp of fire (inert)
 X - a fan of gales

Dungeon Overview and Level Annotations

Branches:
Dungeon (15/15)            Temple (0/1) D:4             Orc (4/4) D:11
    Elf (0/3) Orc:4          Lair (8/8) D:10         Shoals (5/5) Lair:4
 Spider (5/5) Lair:3        Slime (0/6) Lair:6       Vaults (1/5) D:13
 Depths (0/5) D:15

Altars:
Cheibriados
Elyvilon
Nemelex Xobeh
Qazlal
Trog
Xom
Zin
Beogh
Jiyva

Shops:
D:4 =   D:8 [   D:12 (   Orc:4 ([*(=   Shoals:1 =   Shoals:3 !   Shoals:5 [

Annotations:
D:8 flinch's ghost, experienced KoAs

.. ... ##
#.... #)#
#......
#..#.......
+....o..#
#.ooh..#
#o@..#
##..).#
##....#
#####


You could see an orc knight, a warg, an orc sorcerer and 2 orc warriors.


Message History

The orc warrior hits you with a war axe.
* * * LOW HITPOINT WARNING * * *
The warg bites you but does no damage.
The orc sorcerer hits you but does no damage.
The orc warrior hits you from afar with a trident!
* * * LOW HITPOINT WARNING * * *
The warg bites you.
* * * LOW HITPOINT WARNING * * *
The orc knight hits you with a long sword.
* * * LOW HITPOINT WARNING * * *
The orc sorcerer casts a spell at you.
You easily resist.
The orc warrior hits you with a war axe.
* * * LOW HITPOINT WARNING * * *
The orc warrior hits you but does no damage.
The warg bites you but does no damage.
The orc knight hits you with a long sword.
* * * LOW HITPOINT WARNING * * *
The orc sorcerer hits you but does no damage.
The warg bites you!
* * * LOW HITPOINT WARNING * * *
The orc warrior hits you with a war axe!
* * * LOW HITPOINT WARNING * * *
The orc warrior hits you from afar with a trident.
* * * LOW HITPOINT WARNING * * *
The warg bites you but does no damage.
The orc sorcerer hits you but does no damage.
The orc knight hits you with a long sword!
You die...
Your body rises from the dead as a mindless zombie.

Action                   |  1- 3 |  4- 6 |  7- 9 | 10-12 | 13-15 | 16-18 || total
-------------------------+-------+-------+-------+-------+-------+-------++-------
Melee: Spear             |   115 |   236 |   389 |   751 |   736 |       ||  2227
       Halberd           |       |       |    69 |   263 |    43 |       ||   375
       Trident           |       |       |       |       |   116 |   412 ||   528
       Glaive            |       |       |       |       |   329 |   821 ||  1150
 Fire: Blowgun           |       |       |       |       |     1 |    21 ||    22
Throw: Stone             |       |     3 |     3 |       |       |       ||     6
       Throwing net      |       |       |       |       |       |     2 ||     2
Invok: Animate Remains   |    13 |    17 |     2 |       |       |       ||    32
       Animate Dead      |       |       |    23 |    57 |   112 |   117 ||   309
       Injury Mirror     |       |       |     1 |     1 |       |     1 ||     3
       Recall Undead Sla |       |       |     1 |     1 |    10 |    10 ||    22
       Drain Life        |       |       |       |     4 |     8 |    15 ||    27
 Abil: Evoke Flight      |       |       |       |       |       |     2 ||     2
Evoke: Wand              |       |     2 |     2 |    19 |     2 |    12 ||    37
       Phial of floods   |       |       |       |     2 |     1 |     3 ||     6
       Sack of spiders   |       |       |       |       |       |     2 ||     2
       Fan of gales      |       |       |       |       |       |     1 ||     1
       Lamp of fire      |       |       |       |       |       |     1 ||     1
  Use: Scroll            |     1 |     5 |    12 |    11 |    14 |    23 ||    66
       Potion            |       |     1 |     7 |     2 |     5 |     9 ||    24
 Stab: Sleeping          |       |     1 |     6 |     4 |       |       ||    11
       Distracted        |       |       |     3 |    16 |    19 |    24 ||    62
       Confused          |       |       |       |       |     4 |       ||     4
       Fleeing           |       |       |       |       |     1 |       ||     1
       Invisible         |       |       |       |       |       |     7 ||     7
       Held in net/web   |       |       |       |       |       |     2 ||     2
  Eat: Chunk             |     1 |     2 |    11 |    17 |    25 |    22 ||    78
       Meat ration       |       |     2 |       |     1 |       |       ||     3
       Fruit             |       |       |     5 |    12 |    25 |    13 ||    55
       Pizza             |       |       |     1 |     1 |     2 |     5 ||     9
       Beef jerky        |       |       |       |     1 |       |     6 ||     7
       Royal jelly       |       |       |       |       |       |     4 ||     4

Vault maps used:
D:1:      minmay_arrival_open_corners
D:3:      lemuel_doored_altar, first_bread, minmay_curled_crystal
D:4:      zin_scriptorium, minmay_temple_entry_statues_fountains, serial_shops,
          shop, uniq_menkaure
D:6:      kennysheep_mini, portal_sewer_entry_d, uniq_eustachio, uniq_grinder,
          uniq_crazy_yiuf_cottage
D:8:      lemuel_crystal_altar, serial_shops, shop
D:9:      nicolae_overflow_hidden_temple
D:10:     david_lair_generic, blue_anna_alchemist, minmay_nine_imps, uniq_grum
D:11:     david_orc_5, serial_ice, serial_ice_a, serial_ice_h, serial_ice_f,
          serial_ice_j, serial_ice_g, serial_ice_d, portal_ice_cave_entry_imps
D:12:     serial_shops, kennysheep_little_box
D:13:     david_vaults_1, nemelex_diamond_rough_becter
D:14:     serial_glass, glass_columns_a, glass_columns_a, glass_columns_b,
          glass_columns_a, glass_columns_c, glass_columns_b
D:15:     grunt_enter_depths_magical_seal, minmay_misc_feat_pillars
Orc:1:    guppyfry_library_mini, uniq_joseph, uniq_prince_ribbit1
Orc:2:    basic_altar, statue_in_the_mist_lemuel, uniq_harold
Orc:3:    nicolae_orc_pool_cavern, uniq_donald, uniq_fannar
Orc:4:    serial_shops, shop, st_orc_congregation, uniq_saint_roka
Lair:2:   infiniplex_staircase_pool, serial_bayou_shore_a, uniq_nergalle
Lair:3:   beast_lair_carwin_large_3, nicolae_spider_entry_orb_guardian,
          grunt_megastairs_3, lemuel_fruit_tree, lemuel_fruit_fields, uniq_snorg
Lair:4:   pond_and_an_island_with_a_cottage, shoals_dummy_entry,
          serial_bayou_shore_b
Lair:5:   serial_bayou_pond_b
Lair:6:   slime_altar_1, basic_altar
Lair:7:   grunt_forest_stairs_clearing
Lair:8:   minmay_lair_end_enchanted_forest, st_stairs_3, ldierk_geyser,
          uniq_rupert
Shoals:1: serial_shops, shop, nicolae_shoals_cliffside_cave
Shoals:3: serial_shops, nicolae_shop_stone, yaktaur_hedge
Shoals:5: serial_shops, shop, shoals_end_simple, shoal_ilsuiw
Spider:1: spiders_nest_wasp_nest
Spider:2: nicolae_spider_hall_of_the_moth_king, spider_trap,
          nicolae_looking_at_the_future
Spider:3: nicolae_spider_cling_halls, uniq_aizul
Spider:4: uniq_agnes, uniq_nikola, uniq_arachne
Spider:5: guppyfry_spider_rune, zaba_anthell
Vaults:1: v_misc_2, nicolae_vaults_little_squares_6,
          vaults_room_hangedman_quadrants, ontoclasm_vaults_spin,
          nicolae_vaults_angled_halls, vaults_mumra_hex, hangedman_vaults_locks,
          vaults_dpeg_cross, vaults_room_hallway, dpeg_vaults_monster_box,
          uniq_jorgrun

Notes
Turn   | Place    | Note
--------------------------------------------------------------
     0 | D:1      | RobertPalmer, the Human Death Knight, began the quest for the Orb.
     0 | D:1      | Reached XP level 1. HP: 16/16 MP: 2/2
   219 | D:1      | Reached XP level 2. HP: 22/22 MP: 1/3
   474 | D:1      | Reached skill level 3 in Polearms
   752 | D:2      | Reached XP level 3. HP: 27/27 MP: 5/5
   821 | D:2      | Acquired Yredelemnul's second power
  1214 | D:3      | Reached XP level 4. HP: 33/33 MP: 3/6
  1240 | D:3      | Reached skill level 4 in Polearms
  1668 | D:3      | Found a white marble altar of Elyvilon.
  1737 | D:3      | Reached XP level 5. HP: 29/38 MP: 8/8
  2232 | D:4      | Reached skill level 5 in Polearms
  2422 | D:4      | Found Ycouz's Jewellery Emporium.
  2856 | D:4      | Found a staircase to the Ecumenical Temple.
  2895 | D:4      | Noticed Menkaure
  2940 | D:3      | Killed Menkaure
  2940 | D:3      | Reached XP level 6. HP: 5/44 MP: 9/9
  3556 | D:3      | Reached skill level 6 in Polearms
  3726 | D:4      | Found a glowing silver altar of Zin.
  4488 | D:4      | Reached XP level 7. HP: 45/50 MP: 11/11
  4496 | D:4      | Acquired Yredelemnul's third power
  4496 | D:4      | Reached skill level 7 in Polearms
  4606 | D:5      | Entered Level 5 of the Dungeon
  5029 | D:5      | Reached skill level 2 in Dodging
  5187 | D:5      | Reached skill level 3 in Dodging
  5234 | D:5      | Reached skill level 4 in Dodging
  5234 | D:5      | Reached XP level 8. HP: 36/56 MP: 12/12
  5745 | D:6      | Noticed Eustachio
  5790 | D:6      | Killed Eustachio
  5790 | D:6      | Reached skill level 5 in Dodging
  5935 | D:6      | Noticed Grinder
  5949 | D:6      | Your ally Eustachio died
  6105 | D:6      | Reached skill level 6 in Dodging
  6157 | D:6      | Found a stormy altar of Qazlal.
  6205 | D:6      | Received a gift from Yredelemnul
  6276 | D:6      | Reached skill level 7 in Dodging
  6379 | D:6      | Reached XP level 9. HP: 61/61 MP: 14/14
  6413 | D:6      | Noticed Crazy Yiuf
  6421 | D:6      | Killed Crazy Yiuf
  6581 | D:6      | Reached skill level 8 in Polearms
  6587 | D:6      | Killed Grinder
  6767 | D:7      | Reached skill level 9 in Polearms
  6914 | D:7      | Got a flickering bone amulet
  6915 | D:7      | Identified the amulet "Romeraaf" {Stasis Str+3 Int-3} (You found it on level 7 of the Dungeon)
  7281 | D:7      | Reached skill level 10 in Polearms
  7670 | D:8      | Received a gift from Yredelemnul
  7727 | D:8      | Acquired Yredelemnul's fourth power
  7914 | D:8      | Noticed flinch's ghost (experienced KoAs)
  8130 | D:8      | Found Claipi's Armour Shop.
  8136 | D:8      | Bought the +1 pair of gloves of the Forest {SInv} for 289 gold pieces
  8136 | D:8      | Bought a +0 pair of boots for 63 gold pieces
  8136 | D:8      | Bought a +0 cloak for 63 gold pieces
  8203 | D:8      | Found a shimmering altar of Xom.
  8341 | D:9      | Found a snail-covered altar of Cheibriados.
  9089 | D:8      | Reached XP level 10. HP: 39/64 MP: 15/15
  9234 | D:8      | Reached skill level 11 in Polearms
  9689 | D:10     | Entered Level 10 of the Dungeon
  9689 | D:10     | Found a staircase to the Lair.
  9689 | D:10     | Noticed an elephant
  9796 | D:10     | Killed an elephant
  9796 | D:10     | Reached skill level 12 in Polearms
  9865 | D:10     | Received a gift from Yredelemnul
 10094 | D:10     | Noticed Grum
 10120 | D:10     | Killed Grum
 10491 | D:11     | Received a gift from Yredelemnul
 10522 | D:11     | Reached skill level 13 in Polearms
 10621 | D:11     | Noticed an unseen horror
 10629 | D:11     | Killed an unseen horror
 10629 | D:11     | Reached XP level 11. HP: 46/69 MP: 17/17
 10634 | D:11     | Noticed a cyclops
 10656 | D:11     | Killed a cyclops
 10726 | D:11     | Reached skill level 8 in Dodging
 10730 | D:11     | Received a gift from Yredelemnul
 10865 | D:11     | Found a roughly hewn altar of Beogh.
 10865 | D:11     | Found a staircase to the Orcish Mines.
 11495 | D:11     | Reached skill level 2 in Armour
 11633 | D:11     | Noticed a skeletal warrior
 11757 | Lair:1   | Entered Level 1 of the Lair of Beasts
 11864 | Lair:1   | Noticed a seven-headed hydra
 11868 | Lair:1   | Killed a seven-headed hydra
 11868 | Lair:1   | Reached skill level 4 in Armour
 11940 | Lair:1   | Noticed a six-headed hydra
 11958 | Lair:1   | Killed a six-headed hydra
 11958 | Lair:1   | Reached skill level 5 in Armour
 12758 | Lair:2   | Reached skill level 6 in Armour
 13152 | Lair:2   | Noticed Nergalle
 13167 | Lair:2   | Noticed a spectral orc warlord
 13231 | Lair:2   | Killed Nergalle
 13346 | Lair:2   | Reached skill level 7 in Armour
 13755 | Lair:2   | Received a gift from Yredelemnul
 14862 | D:4      | Bought an uncursed ring of poison resistance for 200 gold pieces
 14862 | D:4      | Bought an uncursed ring of protection from fire for 250 gold pieces
 15128 | Lair:2   | Reached XP level 12. HP: 72/75 MP: 18/18
 15323 | Lair:2   | Reached skill level 8 in Armour
 15867 | Lair:3   | Reached skill level 9 in Dodging
 16037 | Lair:3   | Reached skill level 4 in Invocations
 16147 | Lair:3   | Found a hole to the Spider Nest.
 16158 | Lair:3   | Noticed Snorg
 16180 | Lair:3   | Killed Snorg
 16180 | Lair:3   | Reached skill level 5 in Invocations
 16405 | Lair:3   | Received a gift from Yredelemnul
 16423 | Lair:3   | Reached skill level 10 in Dodging
 16425 | Lair:3   | Reached skill level 6 in Invocations
 16671 | Lair:3   | Got a brightly glowing steel ring
 16689 | Lair:3   | Identified the ring "Xiuwev" {+Fly Str+4 Int+4} (You found it on level 3 of the Lair of Beasts)
 17083 | Lair:4   | Noticed a five-headed hydra
 17486 | Lair:4   | Reached skill level 7 in Invocations
 17965 | Lair:4   | Killed a five-headed hydra
 18081 | Lair:4   | Found a staircase to the Shoals.
 18090 | Lair:4   | Noticed a five-headed hydra
 18102 | Lair:4   | Killed a five-headed hydra
 18102 | Lair:4   | Reached XP level 13. HP: 70/80 MP: 24/24
 18122 | Lair:4   | Reached skill level 11 in Dodging
 18132 | Lair:4   | Reached skill level 8 in Invocations
 18147 | Lair:4   | Received a gift from Yredelemnul
 18724 | Lair:4   | Identified a +0 fire dragon armour (You found it on level 4 of the Lair of Beasts)
 18806 | Lair:4   | Acquired Yredelemnul's fifth power
 18942 | Lair:5   | Reached skill level 12 in Dodging
 19254 | Lair:5   | Received a gift from Yredelemnul
 19950 | Lair:6   | Found a bloodstained altar of Trog.
 19954 | Lair:6   | Found a viscous altar of Jiyva.
 19954 | Lair:6   | Found a staircase to the Slime Pits.
 20026 | Lair:6   | Reached skill level 13 in Dodging
 20169 | Lair:6   | Got an ancient pewter ring
 20204 | Lair:6   | Identified the ring "Bexa Chu" {SustAb +Inv rC+ Slay+1} (You found it on level 6 of the Lair of Beasts)
 20279 | Lair:6   | Received a gift from Yredelemnul
 20813 | Lair:6   | Received a gift from Yredelemnul
 21416 | Lair:7   | Reached skill level 14 in Dodging
 21553 | Lair:7   | Received a gift from Yredelemnul
 21605 | Lair:7   | Reached XP level 14. HP: 73/87 MP: 25/25
 22052 | Lair:8   | Entered Level 8 of the Lair of Beasts
 22058 | Lair:8   | Reached skill level 3 in Fighting
 22179 | Lair:8   | Reached skill level 4 in Fighting
 22184 | Lair:8   | Received a gift from Yredelemnul
 22488 | Lair:8   | Reached skill level 5 in Fighting
 22494 | Lair:8   | Received a gift from Yredelemnul
 22639 | Lair:8   | Reached skill level 6 in Fighting
 22725 | Lair:8   | Noticed Rupert
 22756 | Lair:8   | Killed Rupert
 22756 | Lair:8   | Reached skill level 7 in Fighting
 22756 | Lair:8   | Received a gift from Yredelemnul
 22873 | Lair:8   | Reached skill level 8 in Fighting
 23178 | Lair:8   | Received a gift from Yredelemnul
 23448 | Orc:1    | Entered Level 1 of the Orcish Mines
 23645 | Orc:1    | Received a gift from Yredelemnul
 23646 | Orc:1    | Noticed Joseph
 23681 | Orc:1    | Killed Joseph
 23742 | Orc:1    | Noticed Prince Ribbit
 23753 | Orc:1    | Killed Prince Ribbit
 24064 | Orc:3    | Reached skill level 9 in Fighting
 24097 | Orc:3    | Received a gift from Yredelemnul
 24172 | Orc:3    | Noticed Fannar
 24181 | Orc:3    | Killed Fannar
 24225 | Orc:4    | Entered Level 4 of the Orcish Mines
 24225 | Orc:4    | Found a staircase to the Elven Halls.
 24294 | Orc:4    | Noticed Saint Roka
 24309 | Orc:4    | Killed Saint Roka
 24417 | Orc:4    | Found Qechos' Weapon Emporium.
 24498 | Orc:4    | Received a gift from Yredelemnul
 24499 | Orc:4    | Reached skill level 10 in Fighting
 24505 | Orc:4    | Noticed an orc warlord
 24513 | Orc:4    | Reached XP level 15. HP: 67/114 MP: 7/26
 24514 | Orc:4    | Killed an orc warlord
 24514 | Orc:4    | Reached skill level 11 in Fighting
 24539 | Orc:4    | Received a gift from Yredelemnul
 25328 | Orc:4    | Found Odduts' General Store.
 25330 | Orc:4    | Found Ykyxzaoj's Jewellery Shoppe.
 25332 | Orc:4    | Found Kuomm's Antique Armour Shoppe.
 25332 | Orc:4    | Found Throlih's Antique Weapon Emporium.
 25384 | Orc:4    | Bought a +3 ring of slaying for 720 gold pieces
 25398 | Orc:4    | Bought a pair of heavily runed boots for 266 gold pieces
 25409 | Orc:4    | Identified the +0 pair of boots "Secamiawn" {Str+3 Int+3} (You bought it in a shop on level 4 of the Orcish Mines)
 25468 | Orc:4    | Received a gift from Yredelemnul
 25532 | Orc:3    | Noticed Donald
 25557 | Orc:3    | Killed Donald
 25787 | Orc:3    | You fall through a shaft!
 26041 | Orc:2    | Found a roughly hewn altar of Beogh.
 26042 | Orc:2    | Noticed Harold
 26054 | Orc:2    | Killed Harold
 26777 | D:11     | Noticed a skeletal warrior
 26777 | D:11     | Noticed a skeletal warrior
 26784 | D:11     | Killed a skeletal warrior
 26787 | D:11     | Killed a skeletal warrior
 26819 | D:11     | Killed a skeletal warrior
 27019 | D:11     | Reached skill level 14 in Polearms
 27546 | D:12     | Found Skirpho's Antique Weapon Emporium.
 28166 | D:13     | Found a sparkling altar of Nemelex Xobeh.
 28420 | D:13     | Found a gate to the Vaults.
 28805 | D:14     | Reached skill level 15 in Polearms
 28825 | D:14     | Identified a +3 rod of inaccuracy (10/10) (You found it on level 12 of the Dungeon)
 28843 | D:14     | Received a gift from Yredelemnul
 29181 | D:14     | Received a gift from Yredelemnul
 29408 | D:15     | Entered Level 15 of the Dungeon
 29547 | D:15     | Received a gift from Yredelemnul
 29936 | D:15     | Reached skill level 16 in Polearms
 29936 | D:15     | Reached XP level 16. HP: 114/124 MP: 27/27
 30040 | D:15     | Paralysed by a yellow wasp for 3 turns
 30476 | D:15     | Found a staircase to the Depths.
 31400 | Shoals:1 | Entered Level 1 of the Shoals
 32030 | Spider:1 | Entered Level 1 of the Spider Nest
 32448 | Spider:1 | Reached skill level 15 in Dodging
 32449 | Spider:1 | Received a gift from Yredelemnul
 33167 | Lair:3   | Identified a potion of resistance
 34258 | Spider:2 | Received a gift from Yredelemnul
 34462 | Spider:2 | Reached skill level 17 in Polearms
 34787 | Spider:2 | Received a gift from Yredelemnul
 35091 | Spider:3 | Received a gift from Yredelemnul
 35157 | Spider:3 | Noticed Aizul
 35160 | Spider:3 | Killed Aizul
 36052 | Spider:4 | Noticed Nikola
 36062 | Spider:4 | Reached XP level 17. HP: 94/130 MP: 28/28
 36063 | Spider:4 | Killed Nikola
 36063 | Spider:4 | Reached skill level 16 in Dodging
 36110 | Spider:4 | Noticed Agnes
 36110 | Spider:4 | Noticed Arachne
 36123 | Spider:4 | Received a gift from Yredelemnul
 36124 | Spider:4 | Killed Agnes
 36132 | Spider:4 | Killed Arachne
 36635 | Spider:4 | Reached skill level 9 in Invocations
 36903 | Spider:5 | Entered Level 5 of the Spider Nest
 37005 | Spider:5 | Received a gift from Yredelemnul
 37063 | Spider:5 | Reached skill level 10 in Invocations
 37064 | Spider:5 | Received a gift from Yredelemnul
 37623 | Spider:5 | Received a gift from Yredelemnul
 37871 | Spider:5 | Got a gossamer rune of Zot
 38385 | Lair:3   | Reached skill level 11 in Invocations
 38480 | Shoals:1 | Reached skill level 17 in Dodging
 38564 | Shoals:1 | Found Ugrocec's Jewellery Shop.
 38598 | Shoals:1 | Upgraded the game from 0.15.0-12-gccce430 to 0.15.0-13-gb296d5c
 39833 | Shoals:3 | Reached XP level 18. HP: 89/137 MP: 26/32
 40091 | Shoals:3 | Received a gift from Yredelemnul
 40173 | Shoals:3 | Found Woecohu's Distillery.
 40189 | Shoals:3 | Bought a potion of heal wounds for 33 gold pieces
 40443 | Shoals:4 | Reached skill level 12 in Invocations
 40574 | Shoals:4 | Got a fine scale mail
 40585 | Shoals:4 | Identified the cursed +5 scale mail "Ycsel" {rN+} (You found it on level 4 of the Shoals)
 40638 | Shoals:4 | Received a gift from Yredelemnul
 41663 | Shoals:4 | Received a gift from Yredelemnul
 41747 | Shoals:5 | Entered Level 5 of the Shoals
 41815 | Shoals:5 | Noticed Ilsuiw
 41837 | Shoals:5 | Killed Ilsuiw
 42628 | Shoals:5 | Reached skill level 13 in Invocations
 42663 | Shoals:5 | Received a gift from Yredelemnul
 42766 | Shoals:5 | Found Saikullu's Armour Boutique.
 42785 | Shoals:5 | Bought the +1 pair of gloves of the Last Lies {rPois rC+ Dex+4} for 722 gold pieces
 42785 | Shoals:5 | Bought the +0 cloak of Starlight {rElec rC+ EV+4 Stlth-} for 818 gold pieces
 42973 | Shoals:5 | Reached skill level 9 in Armour
 43014 | Shoals:5 | Got a barnacled rune of Zot
 43450 | Vaults:1 | Entered Level 1 of the Vaults
 43462 | Vaults:1 | Paralysed by an orc sorcerer for 4 turns
 43466 | Vaults:1 | Slain by an orc knight

Vanquished Creatures
  A profane servitor (Orc:4)
  Rupert (Lair:8)
  2 ghost moths (Spider:5)
  An orc warlord (Orc:4)
  3 emperor scorpions (Spider:5)
  Snorg (Lair:3)
  4 merfolk javelineers
  3 merfolk impalers
  A death cob (Orc:4)
  Harold (Orc:2)
  A siren (Shoals:1)
  3 centaur warriors
  2 hydras
  A tengu warrior (D:15)
  An orc high priest (Orc:4)
  Nergalle (Lair:2)
  A soul eater (Orc:4)
  A catoblepas (Lair:7)
  5 skeletal warriors
  2 unseen horrors
  6 sea snakes
  2 necromancers
  3 orb spiders
  2 hill giants (D:13)
  3 orc knights (Orc:4)
  3 harpies (Shoals:5)
  9 wolf spiders
  4 ugly things
  A moth of wrath (Spider:4)
  A red wasp (Spider:5)
  5 orc sorcerers
  2 fauns
  3 water nymphs
  5 griffons
  5 manticores
  A cyclops (D:11)
  2 black mambas
  6 elephants
  3 mermaids
  A torpor snail (Spider:1)
  A gargoyle (D:13)
  2 spiny frogs
  2 komodo dragons
  2 demonic crawlers
  A kobold demonologist (D:15)
  An item mimic (D:12)
  A troll (D:14)
  A fire drake (Lair:8)
  7 merfolk
  A tengu conjurer (D:13)
  12 jumping spiders
  A queen bee (Spider:2)
  2 polar bears (Lair:8)
  5 slime creatures
  A blink frog (shapeshifter) (D:13)
  3 snapping turtles
  2 wind drakes
  4 blink frogs
  Prince Ribbit (Orc:1)
  3 ravens (D:15)
  A vampire (Orc:4)
  3 basilisks
  6 trapdoor spiders
  24 redbacks
  2 shadows (D:13)
  3 wyverns
  3 spriggans
  8 tarantellas
  8 yaks
  3 water elementals
  Eustachio (D:6)
  2 hill giant zombies
  2 vampire mosquitoes (D:15)
  2 hippogriffs (Lair:6)
  2 hungry ghosts
  Menkaure (D:3)
  12 wolves
  2 mottled dragons
  3 soldier ants (Spider:5)
  A human skeleton (D:15)
  18 orc warriors
  10 water moccasins
  2 boggarts (D:14)
  2 yellow wasps
  6 porcupines
  2 ice beasts (D:11)
  17 spiders
  4 phantoms
  6 ogres
  9 centaurs
  5 big kobolds
  A manticore skeleton (D:15)
  7 crocodiles
  14 giant frogs
  13 killer bees
  4 scorpions
  A warg zombie (Orc:4)
  2 electric eels (Lair:4)
  3 wights (D:15)
  A giant frog zombie (D:6)
  2 jellies
  2 quasits
  8 crimson imps
  3 goliath beetles
  9 hounds
  3 iguanas
  15 orc priests
  A shapeshifter simulacrum (D:11)
  A gnoll shaman (D:4)
  26 orc wizards
  A two-headed ogre skeleton (D:12)
  12 worker ants
  8 sheep
  A tengu simulacrum (D:15)
  A mottled dragon zombie (D:15)
  2 ogre zombies
  A hound zombie (D:8)
  An ogre skeleton (D:11)
  A two-headed ogre simulacrum (D:11)
  7 gnolls
  33 green rats
  19 adders
  6 shadow imps
  A giant mite (D:6)
  2 orc skeletons
  6 white imps
  An ufetubus (D:11)
  A steam dragon simulacrum (D:11)
  15 orc zombies
  5 giant geckos
  An ooze (D:6)
  83 orcs
  15 bats
  A bat zombie (D:6)
  20 hobgoblins
  12 jackals
  11 quokkas
  2 ball pythons
  6 giant cockroaches
  2 giant newts
  14 goblins
  A goblin zombie (Orc:4)
  42 kobolds
  A kobold zombie (D:8)
  14 rats
  2 rat skeletons
  A ballistomycete (D:7)
  A bush (Shoals:3)
795 creatures vanquished.

Vanquished Creatures (collateral kills)
  Saint Roka (Orc:4)
  Nikola (Spider:4)
  Arachne (Spider:4)
  A kraken (Shoals:2)
  Agnes (Spider:4)
  Ilsuiw (Shoals:5)
  3 ghost moths
  Donald (Orc:3)
  Aizul (Spider:3)
  3 emperor scorpions
  2 merfolk javelineers (Shoals:5)
  6 merfolk impalers
  Fannar (Orc:3)
  12 hydras
  2 sirens (Shoals:5)
  4 merfolk aquamancers
  2 centaur warriors
  3 death yaks (Lair:7)
  3 orc high priests (Orc:4)
  2 satyrs
  7 harpies
  7 sea snakes
  A skeletal warrior (D:11)
  A wizard (D:13)
  4 hill giants
  14 orb spiders
  An ice statue (Orc:2)
  2 orc knights
  12 wolf spiders
  2 orc sorcerers
  A deep elf conjurer (D:15)
  2 wolf spider zombies
  8 fauns
  13 ugly things
  A necromancer (D:15)
  7 griffons
  4 cyclopes
  6 manticores
  2 red wasps (Spider:5)
  5 water nymphs
  16 elephants
  4 mermaids
  A sixfirhy (Orc:4)
  2 moths of wrath
  A drowned soul (Shoals:5)
  Joseph (Orc:1)
  4 torpor snails
  A queen ant (Spider:5)
  A smoke demon (Orc:4)
  3 black mambas
  10 demonic crawlers
  A naga mage (D:15)
  3 spiny frogs
  A yaktaur (Shoals:3)
  2 trolls
  26 jumping spiders
  Grinder (D:6)
  3 komodo dragons
  A freezing wraith (D:14)
  A blue devil (Orc:4)
  25 merfolk
  4 slime creatures
  2 spriggan druids (Lair:8)
  7 polar bears
  3 wind drakes
  2 deep elf magi
  2 ravens (D:13)
  4 blink frogs
  2 boulder beetles (Spider:2)
  2 two-headed ogres
  12 trapdoor spiders
  10 snapping turtles
  29 redbacks
  19 tarantellas
  A wraith (D:15)
  A flying skull (Lair:8)
  9 spriggans (Lair:8)
  3 basilisks
  A shadow (D:14)
  15 yaks
  9 water elementals
  7 hippogriffs
  Grum (D:10)
  A steam dragon (Lair:5)
  3 wargs
  10 water moccasins
  A tengu zombie (D:15)
  23 wolves
  5 ice beasts
  18 orc warriors
  A porcupine (Lair:2)
  26 spiders
  17 soldier ants (Spider:5)
  2 black bears
  6 ogres
  A sky beast (D:14)
  7 yellow wasps
  2 necrophages
  2 boring beetles (Spider:2)
  2 centaurs
  A boggart (D:14)
  8 crocodiles
  A yaktaur zombie (D:15)
  10 giant frogs
  A brain worm (D:13)
  Crazy Yiuf (D:6)
  7 scorpions
  A cyclops skeleton (D:11)
  7 killer bees
  An eye of draining (D:13)
  5 wights
  7 electric eels
  5 crimson imps
  3 jellies
  15 orc priests
  A quasit (D:11)
  A cyclops simulacrum (D:15)
  2 hounds (D:13)
  16 orc wizards
  17 worker ants
  2 iguanas
  21 sheep
  A mummy (D:10)
  A worker ant zombie (D:11)
  A gnoll (D:3)
  24 green rats
  An orc skeleton (D:8)
  9 adders
  A worker ant simulacrum (D:11)
  14 white imps
  An ufetubus (D:11)
  An iguana skeleton (D:4)
  4 orc zombies
  A giant gecko (D:8)
  70 orcs
  3 bats
  3 goblins
  8 hobgoblins
  5 kobolds
  3 quokkas
  2 jackals (D:11)
  2 rats
  4 butterflies (Lair:3)
  8 fungi
  10 plants
  3 tentacles (Shoals:2)
844 creatures vanquished.

Vanquished Creatures (others)
  A profane servitor (Spider:5)
  A bone dragon (Shoals:5)
  A ghoul (Spider:5)
  4 death cobs
  2 skeletal warriors
  A wizard (D:15)
  2 wolf spider zombies
  An ugly thing zombie (D:14)
  7 flayed ghosts
  4 phantasmal warriors
  20 drowned souls
  3 sea snake zombies
  7 redback zombies
  4 harpy zombies (Shoals:5)
  3 hydra zombies
  A merfolk (Shoals:5)
  A demonic crawler zombie (Spider:5)
  4 jumping spider zombies
  3 tarantella zombies
  A griffon zombie (Shoals:5)
  A trapdoor spider zombie (Spider:5)
  7 flying skulls
  An air elemental (Spider:5)
  3 vampires
  3 water elementals
  2 black mamba zombies
  A wraith (D:11)
  A hill giant zombie (D:15)
  A wind drake zombie (Shoals:3)
  A spiny frog zombie (Lair:4)
  4 merfolk zombies
  A water nymph zombie (Shoals:5)
  A faun zombie (Shoals:4)
  4 spiders
  3 yellow wasp zombies (Spider:5)
  3 elephant zombies
  2 blink frog zombies (Lair:5)
  A manticore zombie (Shoals:5)
  A snapping turtle zombie (Shoals:4)
  A vampire mosquito zombie (D:15)
  A cyclops zombie (Shoals:5)
  4 water moccasin zombies
  9 spider zombies
  A polar bear zombie (Lair:8)
  A warg zombie (D:15)
  A hippogriff zombie (D:15)
  A spriggan zombie (Lair:7)
  A yak zombie (Lair:2)
  A wight (D:6)
  10 wolf zombies
  3 centaur zombies
  6 giant frog zombies
  4 soldier ant zombies (Spider:5)
  A basilisk zombie (Lair:3)
  2 orc priests
  2 porcupine zombies
  An orc wizard (Orc:4)
  6 killer bee zombies (Spider:2)
  A big kobold zombie (D:7)
  4 crocodile zombies
  4 hound zombies
  2 mummies
  9 worker ant zombies
  2 human zombies
  3 scorpion zombies
  7 orc skeletons (Orc:4)
  A giant mite (Spider:5)
  4 adder zombies
  7 sheep zombies
  An iguana zombie (Lair:4)
  5 orcs
  3 bat zombies
  15 green rat zombies
  2 ball python zombies
  2 giant cockroach zombies
  A giant gecko zombie (D:9)
  A giant spore (D:7)
  2 gnoll zombies
  6 hobgoblin zombies
  6 jackal zombies
  7 kobold zombies
  43 orc zombies
  2 rat zombies (D:3)
  6 fungi
  5 tentacles (Shoals:2)
  34 tentacle segments (Shoals:2)
353 creatures vanquished.

Grand Total: 1992 creatures vanquished
